 Dungeon Sprint DCSS version 0.21-a0-216-g6d3fd91 (webtiles) character file.

336 potatolord6000 the Skirmisher (level 6, -13/82 HPs)
             Began as a Demonspawn Fighter on Aug 23, 2017.
             Mangled by a tyrant leech (17 damage)
             ... in the Dungeon (Sprint II: "The Violet Keep of Menkaure").
             The game lasted 00:01:40 (45 turns).

potatolord6000 the Skirmisher (Demonspawn Fighter)    Turns: 45, Time: 00:01:41

Health: -13/82     AC:  7    Str: 23    XL:     6   Next: 28%
Magic:  6/6        EV:  8    Int: 10    God:
Gold:   0          SH: 11    Dex: 12    Spells: 5/5 levels left

rFire    + . .     SeeInvis .   a - +0 long sword
rCold    . . .     Gourm    .   c - +0 shield
rNeg     . . .     Faith    .   b - +0 scale mail
rPois    .         Spirit   .   (no helmet)
rElec    .         Reflect  .   (no cloak)
rCorr    .         Harm     .   (no gloves)
MR       .....     NoTele   +   (no boots)
Stlth    ..........             (no amulet)
HPRegen  0.23/turn              (no ring)
MPRegen  0.10/turn              (no ring)

@: mighty, berserking (expiring), hasted (expiring), very quick
A: demonic guardian 1, fire resistance 1, flame cloud immunity
a: no special abilities


You were in the Dungeon.
You were not hungry.

You visited 1 branch

Inventory:

Hand Weapons
 a - a +0 long sword (weapon)
Armour
 b - a +0 scale mail (worn)
 c - a +0 shield (worn)
Scrolls
 k - a scroll of blinking
Potions
 i - 2 potions of magic
Comestibles
 f - a bread ration


   Skills:
 + Level 7.4 Fighting
 + Level 6.3 Long Blades
 + Level 6.7 Armour
 + Level 6.7 Shields


You had 5 spell levels left.
You didn't know any spells.

Dungeon Overview and Level Annotations

Branches:
Dungeon (1/1)

Altars:


Innate Abilities, Weirdness & Mutations

A weak demonic guardian rushes to your aid.
Your flesh is heat resistant. (rF+)
You are immune to clouds of flame.


Message History

The tyrant leech is moderately wounded.
You block the tyrant leech's attack. The tyrant leech bites you.
The tyrant leech draws strength from your injuries!
You completely miss the tyrant leech.
The tyrant leech is lightly wounded.
The tyrant leech bites you.
The tyrant leech draws strength from your injuries!
The tyrant leech barely misses you.
You slash the tyrant leech!
The tyrant leech is moderately wounded.
You hit the tyrant leech.
The tyrant leech is heavily wounded.
The tyrant leech bites you!!
* * * LOW HITPOINT WARNING * * *
The tyrant leech draws strength from your injuries!
The tyrant leech barely misses you.
You closely miss the tyrant leech.
The tyrant leech is heavily wounded.
The tyrant leech closely misses you. The tyrant leech bites you!
You die...

## ## ##.
.## #..
..# #.#.#
# #†# .##
##w##..$#
+.@w'#
##.##...#
#+# .## #


You could see 2 tyrant leeches.

Vanquished Creatures
  4 necrophages (D)
4 creatures vanquished.

Vanquished Creatures (others)
  A crocodile (D)
1 creature vanquished.

Grand Total: 5 creatures vanquished

Notes
Turn   | Place    | Note
-------+----------+-------------------------------------------
     0 | D        | potatolord6000 the Demonspawn Fighter began the quest for the Orb.
     0 | D        | Reached XP level 1. HP: 18/18 MP: 1/1
     1 | D        | Noticed a necrophage
     1 | D        | Noticed a necrophage
     1 | D        | Noticed a necrophage
     1 | D        | Noticed a necrophage
    12 | D        | Killed a necrophage
    12 | D        | Reached skill level 5 in Fighting
    12 | D        | Gained mutation: Your flesh is heat resistant. (rF+) [demonic ancestry]
    12 | D        | Reached XP level 2. HP: 13/25 MP: 2/2
    12 | D        | Gained mutation: You are immune to clouds of flame. [demonic ancestry]
    12 | D        | Reached XP level 3. HP: 16/31 MP: 3/3
    12 | D        | Reached XP level 4. HP: 19/37 MP: 4/4
    19 | D        | Killed a necrophage
    19 | D        | Reached skill level 6 in Fighting
    19 | D        | Reached skill level 5 in Long Blades
    19 | D        | Reached skill level 5 in Armour
    19 | D        | Reached skill level 5 in Shields
    19 | D        | Gained mutation: A weak demonic guardian rushes to your aid. [demonic ancestry]
    19 | D        | Reached XP level 5. HP: 26/46 MP: 5/5
    19 | D        | Killed a crocodile
    20 | D        | Killed a necrophage
    23 | D        | Killed a necrophage
    23 | D        | Reached skill level 7 in Fighting
    23 | D        | Reached XP level 6. HP: 32/55 MP: 6/6
    28 | D        | Noticed a tyrant leech
    28 | D        | Noticed a tyrant leech
    44 | D        | HP: 4/82 [tyrant leech (25)]
    45 | D        | Mangled by a tyrant leech

Vault maps used:
D:        the_violet_keep_of_menkaure

Skill      XL: |  1  2  3  4  5 |
---------------+----------------+-----
Fighting       | 5 6 7 |  7.4
Long Blades    | 4 5 6 |  6.3
Armour         | 4 5 6 |  6.7
Shields        | 4 5 6 |  6.7

Action                   |  1- 3 |  4- 6 || total
-------------------------+-------+-------++-------
Melee: Long sword        |     8 |    19 ||    27
  Use: Potion            |     2 |     3 ||     5
Armor: Scale mail        |       |     2 ||     2
Dodge: Dodged            |     2 |     5 ||     7
Block: Shield            |     2 |     2 ||     4
       Rpst.: Long sword |     1 |     2 ||     3

Table legend:
 A = Spawn XP
 B = Non-spawn XP
 C = Spawn XP percentage of total XP
 D = Spawn monster count
 E = Non-spawn monster count
 F = Spawn count percentage of total count
 G = Total turns spent on level
                    A         B        C        D         E        F      G
               +---------+---------+-------+---------+---------+-------+---------
         Total |       0 |     480 |   0.0 |       0 |       4 |   0.0 |    45
               +---------+---------+-------+---------+---------+-------+---------
             D |       0 |     480 |   0.0 |       0 |       4 |   0.0 |    45
               +---------+---------+-------+---------+---------+-------+---------
